 Dungeon Crawl Stone Soup version 0.26.0-16-gc1dbca0489 (webtiles) character file.

Game seed: 2106471660845086054

37 kaeus the Skirmisher (level 3, -3/43 HPs)
             Began as a Demonspawn Fighter on Jan 21, 2021.
             Slain by a worker ant (5 damage)
             ... on level 3 of the Dungeon.
             The game lasted 00:01:57 (1287 turns).

kaeus the Skirmisher (Demonspawn Fighter)           Turns: 1287, Time: 00:01:58

Health: -3/43      AC:  7    Str: 17    XL:     3   Next: 23%
Magic:  3/3        EV:  7    Int:  9    God:
Gold:   45         SH:  9    Dex: 12    Spells: 2/2 levels left

rFire    . . .     SeeInvis .   a - +0 war axe
rCold    . . .     Faith    .   c - +0 kite shield
rNeg     . . .     Spirit   .   b - +0 scale mail
rPois    .         Reflect  .   (no helmet)
rElec    .         Harm     .   (no cloak)
rCorr    .         Rampage  .   (no gloves)
Will     .....                  (no boots)
Stlth    ..........             (no amulet)
HPRegen  0.14/turn              (no ring)
MPRegen  0.08/turn              (no ring)

@: berserking (expiring), lethally poisoned (-3 -> -15), very quick
A: rugged brown scales 1, miasma immunity
a: no special abilities


You were on level 3 of the Dungeon.
You visited 1 branch of the dungeon, and saw 4 of its levels.

You collected 45 gold pieces.

Inventory:

Hand Weapons
 a - a +0 war axe (weapon)
Armour
 b - a +0 scale mail (worn)
 c - a +0 kite shield (worn)
Scrolls
 e - 2 scrolls of identify {unknown}
 f - a scroll of immolation {unknown}
 h - a scroll of teleportation {unknown}
 i - a scroll of amnesia {unknown}
 j - a scroll of magic mapping {unknown}
 k - a scroll of fear {unknown}
Potions
 d - a potion of might


   Skills:
 + Level 3.3 Fighting
 + Level 2.2 Axes
 + Level 3.1 Armour
 + Level 3.0 Shields


You had 2 spell levels left.
You didn't know any spells.
Your spell library was empty.

Dungeon Overview and Level Annotations

Branches:
Dungeon (4/15)
 Temple: D:4-7

Altars:
Fedhas
Zin


Innate Abilities, Weirdness & Mutations

You are partially covered in rugged brown scales. (AC +1, +3% HP)
You are immune to miasma.


Message History

The orc priest hits you but does no damage.
The orc hits you but does no damage. The worker ant bites you.
* * * LOW HITPOINT WARNING * * *
You are more poisoned.
The worker ant poisons you!
You hit the worker ant.
The worker ant is severely wounded.
You hit the orc.
* * * LOW HITPOINT WARNING * * *
You feel sick. You block the orc's attack. The orc priest closely misses you.
The worker ant bites you but does no damage.
You barely miss the worker ant.
The worker ant is severely wounded.
You closely miss the orc.
* * * LOW HITPOINT WARNING * * *
You feel sick. You block the orc's attack.
The orc priest hits you from afar with a +0 trident.
* * * LOW HITPOINT WARNING * * *
The worker ant bites you.
You die...

.#. .. ..
#####.
...#.##
####....#
......B.#
#o.@#
......o)#
#####..?#
....).
#######


You could see a worker ant, an orc priest and an orc.

Vanquished Creatures
  An ooze (D:1)
  A dart slug (D:2)
  A leopard gecko (D:2)
  An orc (D:3)
  4 giant cockroaches
  2 kobolds (D:1)
  9 bats (D:1)
  2 frilled lizards (D:1)
  5 goblins (D:1)
  3 rats (D:1)
29 creatures vanquished.

Notes
Turn   | Place    | Note
-------+----------+-------------------------------------------
     0 | D:1      | kaeus the Demonspawn Fighter began the quest for the Orb.
     0 | D:1      | Reached XP level 1. HP: 18/18 MP: 1/1
   208 | D:1      | Gained mutation: You are immune to miasma. [demonic
                  | ancestry]
   208 | D:1      | Reached XP level 2. HP: 23/24 MP: 2/2
   800 | D:2      | Gained mutation: You are partially covered in rugged brown
                  | scales. (AC +1, +3% HP) [demonic ancestry]
   800 | D:2      | Reached XP level 3. HP: 22/29 MP: 3/3
  1102 | D:2      | Found a glowing silver altar of Zin.
  1139 | D:2      | Found a blossoming altar of Fedhas.
  1219 | D:2      | You fall into a shaft and drop 2 floors!
  1222 | D:4      | Noticed an ogre
  1287 | D:3      | HP: 2/43 [orc priest/+0 trident (1)]
  1287 | D:3      | Slain by a worker ant

Illustrated notes

Levels and vault maps discovered:
D:1:      psy_arrival_dodecagon, layout_basic
D:2:      layout_basic, fedhas_altar_2, zin_scriptorium,
          nicolae_overflow_hidden_temple, serial_rivers,
          chequers_serial_rivers_large_a, chequers_serial_rivers_micro_e,
          chequers_serial_rivers_marsh, chequers_serial_rivers_micro_a,
          chequers_serial_rivers_micro_c, chequers_serial_rivers_micro_b
D:3:      layout_basic, gammafunk_ghost_split, minivault_25,
          lightli_corner_chamber
D:4:      layout_loops_ring, hex_medium, nemelex_xobeh_ov_fountains_minmay,
          uniq_natasha

Skill      XL: |  1  2 |
---------------+-------+-----
Axes           | 2 |  2.2
Armour         | 3 |  3.1
Shields        | 3 |  3.0
Fighting       | |  3.3

Action                   || total
-------------------------++-------
Melee: War axe           ||    86
  Use: Potion            ||     1
Armor: Scale mail        ||    63
Dodge: Dodged            ||    32
Block: Kite shield       ||    64
